 Dungeon Crawl Stone Soup version 0.20-a0-848-g73d9be0 (webtiles) character file.

284 kidcy the Skirmisher (level 6, -1/51 HPs)
             Began as a Demonspawn Monk on Mar 9, 2017.
             Succumbed to Terence's poison
             ... on level 3 of the Dungeon.
             The game lasted 00:06:33 (4358 turns).

kidcy the Skirmisher (Demonspawn Monk)              Turns: 4358, Time: 00:06:34

Health: -1/51      AC: 13    Str: 13    XL:     6   Next: 7%
Magic:  6/6        EV:  4    Int: 11    God:
Gold:   65         SH:  0    Dex: 16    Spells: 5/5 levels left

rFire    + + .     SeeInvis .   k - +0 flail
rCold    + . .     Gourm    .   a - +0 plate armour
rNeg     . . .     Faith    .   (no shield)
rPois    +         Spirit   +   c - +1 helmet
rElec    +         Reflect  .   (no cloak)
rCorr    +         Harm     .   (no gloves)
MR       .....                  (no boots)
Stlth    ..........             (no amulet)
Regen    0.6/turn               (no ring)
MPRegen  0.1/turn               i - ring of flight

@: lethally poisoned (-1 -> -8), resistant
A: claws 2, hooves 1, fire resistance 1, regeneration 1, magic shield
a: Evoke Flight


You were on level 3 of the Dungeon.
You were not hungry.

You visited 1 branch of the dungeon, and saw 3 of its levels.

You collected 65 gold pieces.

Inventory:

Hand Weapons
 b - a +2 mace of venom
 k - a +0 flail (weapon)
Armour
 a - a +0 plate armour (worn)
 c - a +1 helmet (worn)
Jewellery
 i - a ring of flight (left claw)
Scrolls
 e - a scroll of remove curse
 h - a scroll of amnesia
Potions
 m - 2 potions of flight
Comestibles
 d - a meat ration
 f - 5 royal jellies
 r - 2 chunks of flesh


   Skills:
 * Level 5.0 Fighting
 + Level 4.0 Maces & Flails
 + Level 2.6 Armour
 - Level 2.6 Dodging
 - Level 1.7 Stealth


You had 5 spell levels left.
You didn't know any spells.

Dungeon Overview and Level Annotations

Branches:
Dungeon (3/15)

Altars:
Elyvilon
Makhleb
Uskayaw

Annotations:
D:3 1 runed door


Innate Abilities, Weirdness & Mutations

You have very sharp fingernails.
Your flesh is heat resistant. (rF+)
When hurt, damage is shared between your health and your magic reserves.
You have large cloven feet.
Your natural rate of healing is unusually fast.


Message History

You feel sick.
Okay, then.
Okay, then.
Okay, then.
You feel protected.
* * * LOW HITPOINT WARNING * * *
You feel very sick.
There is a lethal amount of poison in your body!
There is a lethal amount of poison in your body!
* * * LOW HITPOINT WARNING * * *
You feel sick.
* * * LOW HITPOINT WARNING * * *
You feel sick.
* * * LOW HITPOINT WARNING * * *
You feel sick.
* * * LOW HITPOINT WARNING * * *
You feel sick.
* * * LOW HITPOINT WARNING * * *
You feel sick.
You die...

#.........# #....P..♣..♣#
#>........# #.#.#P.♣.♣♣♣
..........# #.###♣♣♣♣♣
.#.....)..# #[# .#........# #.#
######### ..........#####
#.###........ #.........[...##
#............ #.....#######..####
####......... #..#...#### ##..@$#
#.........
...##.....#######.######..(......
...#####....# .#..............
...# #.##.## #...####.........
>.######.##..####...####.........
.....##..........................
..##..#..####.######..###.......>
..# #.......#.## ##..## ##.....##
..##.....##....###.....##.....##


There were no monsters in sight!

Vanquished Creatures
  A hound (D:3)
  Natasha (thrice) (D:3)
  Terence (D:3)
  Robin (D:2)
  4 adders
  2 oozes
  An adder skeleton (D:3)
  3 worms
  2 dart slugs (D:1)
  2 leopard geckos (D:1)
  2 orcs (D:2)
  A ball python (D:2)
  4 giant cockroaches
  19 goblins
  3 hobgoblins
  5 jackals
  13 kobolds
  7 bats
  4 frilled lizards (D:2)
  8 rats
86 creatures vanquished.

Vanquished Creatures (others)
  A plant (D:1)
1 creature vanquished.

Grand Total: 87 creatures vanquished

Notes
Turn   | Place    | Note
-------+----------+-------------------------------------------
     0 | D:1      | kidcy the Demonspawn Monk began the quest for the Orb.
     0 | D:1      | Reached XP level 1. HP: 18/18 MP: 1/1
   207 | D:1      | Gained mutation: You have sharp fingernails. [demonic ancestry]
   207 | D:1      | Reached XP level 2. HP: 11/24 MP: 2/2
   445 | D:1      | Reached skill level 1 in Armour
  1081 | D:1      | Gained mutation: Your flesh is heat resistant. (rF+) [demonic ancestry]
  1081 | D:1      | Reached XP level 3. HP: 24/29 MP: 3/3
  1680 | D:2      | Found a hide-covered altar of Uskayaw.
  2260 | D:2      | Reached XP level 4. HP: 20/37 MP: 4/4
  2880 | D:3      | Noticed Robin
  3132 | D:2      | Reached skill level 4 in Fighting
  3236 | D:2      | Killed Robin
  3382 | D:3      | Found a runed door.
  3424 | D:3      | Found a white marble altar of Elyvilon.
  3522 | D:3      | Noticed Natasha
  3546 | D:3      | Killed Natasha
  3546 | D:3      | Gained mutation: When hurt, damage is shared between your health and your magic reserves. [demonic ancestry]
  3546 | D:3      | Reached XP level 5. HP: 28/43 MP: 5/5
  3593 | D:3      | Noticed Natasha
  3604 | D:3      | Killed Natasha
  3612 | D:3      | Noticed Natasha
  3771 | D:3      | HP: 1/43 [Natasha/magic dart (6)]
  3772 | D:3      | Killed Natasha
  4162 | D:3      | Found a burning altar of Makhleb.
  4328 | D:3      | Noticed Terence
  4347 | D:3      | Killed Terence
  4347 | D:3      | Reached skill level 5 in Fighting
  4347 | D:3      | Gained mutation: You have very sharp fingernails. [demonic ancestry]
  4347 | D:3      | Reached XP level 6. HP: 22/51 MP: 4/6
  4348 | D:3      | Gained mutation: You have large cloven feet. [potion of mutation]
  4348 | D:3      | Gained mutation: Your mind is acute. (Int +2) [potion of mutation]
  4348 | D:3      | Lost mutation: Your mind is acute. (Int +2) [potion of mutation]
  4348 | D:3      | Gained mutation: Your natural rate of healing is unusually fast. [potion of mutation]
  4356 | D:3      | HP: 2/51 [poisoned by Terence]
  4358 | D:3      | Succumbed to Terence's poison

Vault maps used:
D:1:      dpeg_arrival_castle, lexackson_kobold_supper
D:2:      overflow_temple_1_default, st_stairs_5
D:3:      makhleb_blood_cavern_becter, elyvilon_altar_3, uniq_natasha,
          uniq_robin, uniq_terence, uniq_crazy_yiuf_cottage

Skill      XL: |  1  2  3  4  5 |
---------------+----------------+-----
Maces & Flails | 3 4 |  4.0
Armour         | 1 2 |  2.6
Fighting       | 4 5 |  5.0
Dodging        | |  2.6
Stealth        | |  1.7

Action                   |  1- 3 |  4- 6 || total
-------------------------+-------+-------++-------
Melee: Mace              |    74 |       ||    74
       Flail             |    73 |   235 ||   308
  Use: Scroll            |       |     7 ||     7
       Potion            |       |     5 ||     5
 Stab: Sleeping          |     7 |       ||     7
  Eat: Chunk             |     4 |     3 ||     7
       Bread ration      |       |     1 ||     1
Armor: Robe              |    15 |       ||    15
       Scale mail        |    27 |    49 ||    76
       Plate armour      |       |   159 ||   159
Dodge: Dodged            |    92 |   116 ||   208
